Map: [ESL] Hecate

Players

Clem - Winner!

  • Race: Terran Terran
  • Spawn Location: 1:00

ShoWTimE

  • Race: Protoss Protoss
  • Spawn Location: 7:00

Event: ESL SC2 Masters 2023 Winter (Regional)

VOD

Have the link to the VOD?

Description

Time

  • Played on: Nov. 18, 2023, 11:38 a.m.
  • Length: 7:06

All games in this series

Show
View Real Time Build Order
Export as new Build Order

Clem Terran - Winner!

Build Orders: Cyclone Opening 

Get SALT Encoding   

  12  0:00  SCV  
  13  0:12  SCV  
  14  0:17  Supply Depot  
  14  0:24  SCV  
  15  0:29  Refinery  
  15  0:38  SCV  
  16  0:43  Barracks  
  16  0:50  SCV  
  17  1:02  SCV  
  18  1:14  SCV, Engineering Bay  
  19  1:30  Marine  
  19  1:31  Orbital Command  
  20  1:35  Factory  
  20  1:46  Supply Depot  
  20  1:48  Barracks Reactor  
  20  1:56  SCV  
  21  2:09  SCV  
  22  2:21  SCV  
  23  2:25  Supply Depot  
  23  2:27  Cyclone  
  23  2:28  Cyclone  
  27  2:30  Marine  
  28  2:39  Command Center  
  28  2:41  SCV  
  29  2:48  Marine  
  30  2:55  SCV  
  31  2:59  Cyclone  
  31  3:02  Cyclone  
  31  3:04  Refinery  
  35  3:06  Marine  
  35  3:09  SCV  
  37  3:14  Supply Depot  
  37  3:22  SCV  
  37  3:25  Barracks  
  38  3:34  SCV  
  38  3:44  Barracks  
  38  3:45  Factory Tech Lab, Marine x2  
  40  3:51  SCV  
  41  4:03  Marine x2, SCV  
  41  4:05  Siege Tank  
  47  4:11  SCV  
  47  4:15  SCV  
  48  4:17  Barracks Tech Lab  
  49  4:24  Orbital Command  
  49  4:27  SCV  
  49  4:28  Marine  
  49  4:29  Marine  
  51  4:32  Barracks Tech Lab  
  51  4:36  Stimpack, Supply Depot  
  51  4:39  SCV  
  51  4:42  Siege Tank  
  55  4:46  Marauder  
  55  4:48  Marine  
  55  4:50  SCV  
  55  4:52  SCV  
  60  4:53  Marine  
  60  4:59  Supply Depot  
  61  5:01  Marauder  
  61  5:03  SCV  
  61  5:05  SCV  
  61  5:06  Combat Shield  
  65  5:12  Marauder  
  65  5:13  Marine x2  
  69  5:18  SCV  
  69  5:20  SCV  
  71  5:21  Refinery  
  71  5:22  Supply Depot  
  71  5:25  Marauder  
  73  5:30  SCV  
  73  5:31  Marine x2  
  73  5:32  SCV  
  73  5:34  Supply Depot  
  77  5:39  Starport  
  77  5:43  Marauder, SCV  
  77  5:44  SCV  
  77  5:47  Factory Reactor  
  77  5:49  Marauder  
  81  5:51  Marine x2  
  81  5:54  Supply Depot  
  81  5:55  SCV  
  81  5:56  SCV  
  85  6:00  Supply Depot  
  85  6:07  SCV  
  85  6:08  Refinery  
  85  6:09  Marine x2  
  90  6:11  Marauder  
  90  6:15  Supply Depot, Marauder  
  92  6:23  Supply Depot  
  92  6:26  Marine, Engineering Bay  
  92  6:27  Marine  
  92  6:31  Medivac  
  92  6:32  Factory Reactor  
  96  6:34  Medivac  
  96  6:37  Marauder  
  96  6:38  Marauder  
  101  6:42  Supply Depot  
  101  6:45  Marine x2  
Show
View Real Time Build Order
Export as new Build Order

ShoWTimE Protoss 

Build Orders: Blink Stalkers, Colossus Rush 

Get SALT Encoding   

  12  0:00  Probe  
  13  0:12  Probe  
  14  0:17  Pylon  
  14  0:24  Probe  
  15  0:35  Gateway  
  15  0:37  Probe (Chrono Boost)  
  16  0:47  Assimilator, Probe (Chrono Boost)  
  17  0:52  Probe (Chrono Boost)  
  18  1:03  Probe  
  19  1:15  Probe  
  20  1:28  Cybernetics Core  
  20  1:42  Pylon  
  21  1:50  Nexus  
  21  1:52  Probe  
  21  1:59  Assimilator  
  21  2:02  Adept (Chrono Boost)  
  21  2:07  Probe  
  24  2:10  Warp Gate  
  24  2:19  Probe  
  25  2:23  Stalker (Chrono Boost)  
  27  2:31  Probe  
  28  2:38  Shield Battery  
  28  2:42  Twilight Council  
  28  2:43  Probe  
  29  2:54  Gateway  
  29  2:55  Probe  
  30  3:02  Probe  
  31  3:06  Stalker  
  34  3:12  Probe (Chrono Boost)  
  34  3:14  Probe (Chrono Boost)  
  34  3:17  Blink (Chrono Boost)  
  35  3:25  Probe (Chrono Boost)  
  35  3:26  Probe (Chrono Boost)  
  37  3:31  Probe  
  38  3:34  Probe  
  39  3:43  Probe  
  39  3:45  Robotics Facility  
  39  3:47  Probe  
  41  3:52  Pylon  
  42  3:58  Stalker  
  42  4:00  Probe  
  45  4:04  Stalker  
  45  4:07  Pylon  
  46  4:10  Shield Battery, Probe  
  46  4:12  Probe  
  44  4:22  Probe, Stalker  
  47  4:24  Probe  
  47  4:26  Assimilator  
  47  4:27  Stalker  
  50  4:32  Observer  
  50  4:34  Probe  
  50  4:36  Assimilator, Probe  
  53  4:45  Stalker  
  55  4:46  Probe, Pylon  
  55  4:48  Probe  
  57  4:58  Probe  
  58  5:00  Probe  
  58  5:01  Nexus  
  58  5:06  Robotics Bay  
  59  5:10  Probe  
  59  5:11  Observer  
  59  5:13  Observer, Probe  
  62  5:20  Sentry  
  64  5:21  Pylon  
  64  5:23  Forge, Probe  
  64  5:25  Charge (Chrono Boost), Probe  
  66  5:35  Probe  
  67  5:37  Probe  
  68  5:50  Colossus (Chrono Boost)  
  68  5:53  Gateway  
  68  5:55  Gateway  
  74  5:57  Sentry  
  74  6:02  Shield Battery  
  75  6:05  Gateway  
  75  6:08  Gateway  
  75  6:10  Pylon  
  75  6:21  Gateway  
  75  6:25  Sentry  
  77  6:26  Pylon  
  77  6:29  Gateway  
  77  6:30  Zealot  
  83  6:40  Shield Battery  
  83  6:47  Zealot  
  83  6:48  Zealot x2  
  83  6:51  Zealot  
  91  7:00  Zealot  
Tags
 
Add a new tag
Caveats
  • Supply blocks, unpowered buildings, or Contaminate may cause inaccurate times.
  • Supply counts are checked every 10 seconds.